 Dungeon Crawl Stone Soup version 0.30-a0-365-ge7f957f1db (webtiles) character file.

Game seed: 2118802313657526295

284 qeuew the Shooter (level 6, -2/38 HPs)
             Began as a Kobold Hunter on Nov 17, 2022.
             Killed from afar by an orc wizard (8 damage)
             ... with a magic dart
             ... on level 4 of the Dungeon.
             The game lasted 00:04:30 (2626 turns).

qeuew the Shooter (Kobold Hunter)                   Turns: 2626, Time: 00:04:31

Health: -2/38      AC: 13    Str:  8    XL:     6   Next: 54%
Magic:  6/6        EV: 13    Int: 11    God:
Gold:   99         SH:  0    Dex: 20    Spells: 5/5 levels left

rFire   . . .      SeeInvis .    h - +2 short sword (protect)
rCold   . . .      Faith    .    (no shield)
rNeg    . . .      Spirit   .    k - +0 ring mail
rPois   +          Reflect  .    l - +0 hat
rElec   .          Harm     .    (no cloak)
rCorr   .          Rampage  .    n - +0 pair of gloves
Will    +....      Rage     3%   (no boots)
Stlth   +++.......               (no amulet)
HPRegen 0.26/turn                b - ring of poison resistance
MPRegen 0.10/turn                (no ring)

@: under a protective aura
A: small, no large weapons, nightstalker 3, hooves 1, berserk 1, strong-willed
1, MP-powered wands
a: no special abilities


You were on level 4 of the Dungeon.
You visited 1 branch of the dungeon, and saw 4 of its levels.

You collected 211 gold pieces.
You spent 112 gold pieces at shops.

Inventory:

Hand Weapons
 a - a +0 shortbow
 h - a +2 short sword of protection (weapon)
Armour
 k - a +0 ring mail (worn)
 l - a +0 hat (worn)
 n - a +0 pair of gloves (worn)
Jewellery
 b - a ring of poison resistance (left hand)
Scrolls
 c - a scroll of identify
 e - 2 scrolls of butterflies
 f - 2 scrolls of teleportation


   Skills:
 * Level 4.1 Fighting
 + Level 2.0 Short Blades
 + Level 6.0 Ranged Weapons
 + Level 1.2 Armour
 + Level 3.4 Dodging
 * Level 4.7 Stealth


You had 5 spell levels left.
You didn't know any spells.
Your spell library contained the following spells:

 Spells                   Type           Power      Damage    Failure   Level
 Apportation              Tloc           0%         N/A       71%         1
 Vhi's Electric Charge    Tloc/Air       0%         N/A       97%         3
 Manifold Assault         Tloc           0%         N/A       100%        4
 Alistair's Intoxication  Tmut/Pois      0%         N/A       100%        5
 Arcjolt                  Conj/Air       0%         1d10      100%        5
 Dispersal                Tloc           0%         N/A       100%        6
 Disjunction              Tloc           0%         N/A       100%        8
 Maxwell's Capacitive Co  Air            0%         ∞         100%        8


Dungeon Overview and Level Annotations

Branches:
Dungeon (4/15)
 Temple: D:4-7

Altars:
Elyvilon
Zin
The Shining One

Shops:
D:3 *


Innate Abilities, Weirdness & Mutations

You are small and have problems with some larger weapons.
You are completely attuned to the shadows.
You have large cloven feet.
You sometimes lose your temper in combat.
You are strong-willed. (Will+)
You expend magic power (3 MP) to strengthen your wands.


Message History

h - a +2 short sword of protection (weapon)
The adder misses you.
You miss the adder.
The adder is moderately wounded.
The adder closely misses you.
You hit the adder.
Your weapon exudes an aura of protection.
Your kick misses the adder.
The adder is severely wounded.
The adder completely misses you.
The orc wizard gestures wildly while chanting.
The orc wizard flickers and vanishes!
You hit the adder.
You kill the adder!
You hit something. Your kick misses something. You hit something.
Your kick misses something. Something hits you but does no damage.
You barely miss something. Your kick misses something.
Something hits you but does no damage.
You closely miss something. You kick something.
Something hits you but does no damage.
You barely miss something. You kick something.
Something hits you but does no damage.
You miss something. You kick something.
You hear some strange, mumbled words.
A magic dart appears from out of thin air!
The magic dart hits you!
* * * LOW HITPOINT WARNING * * *
You closely miss something. Your kick misses something.
Something hits you but does no damage.
You barely miss something. Your punch misses something. Something hits you.
* * * LOW HITPOINT WARNING * * *
You closely miss something. Something hits you.
* * * LOW HITPOINT WARNING * * *
You hit something.
Your weapon exudes an aura of protection.
You hear some strange, mumbled words.
A magic dart appears from out of thin air!
The magic dart hits you!
You die...

..######.........##S#
###.#
..........#########.####
#.#
.#######.............S.#.#
#)# .#
#####.###########.#.#.#
#)# .# #........#
#.......#.# #.# .#
#........# #.###.###.# #.#
.# #........# #.# #.....#
#.# .# #........# #{#
####..######.# .#
##........ #@# #.........#
.####....... #.#
##.##....## ............
#.# #...+....#
#####....... #.#
#...#....# #....... #.#
#.#.#....# #....... ...###
....... ....#


There were no monsters in sight!

Vanquished Creatures
  A black bear (D:3)
  7 gnolls (D:4)
  4 adders
  3 worms
  3 orcs (D:4)
  5 ball pythons
  6 endoplasms
  3 giant cockroaches
  5 hobgoblins
  10 jackals
  11 kobolds
  5 quokkas
  3 bats
  2 frilled lizards
  5 goblins
  4 rats
77 creatures vanquished.

Notes
Turn   | Place    | Note
-------+----------+-------------------------------------------
     0 | D:1      | qeuew the Kobold Hunter began the quest for the Orb.
     0 | D:1      | Reached XP level 1. HP: 12/12 MP: 1/1
    65 | D:1      | Reached XP level 2. HP: 18/18 MP: 2/2
   301 | D:1      | Found a faded altar of an unknown god.
   513 | D:1      | Reached XP level 3. HP: 11/22 MP: 3/3
  1371 | D:2      | Reached XP level 4. HP: 28/28 MP: 4/4
  1670 | D:3      | Noticed a black bear
  1680 | D:3      | Killed a black bear
  1681 | D:3      | Reached skill level 1 in Short Blades
  1681 | D:3      | Reached XP level 5. HP: 30/32 MP: 5/5
  1798 | D:3      | Found a white marble altar of Elyvilon.
  1799 | D:3      | Found a glowing golden altar of the Shining One.
  1799 | D:3      | Found a glowing silver altar of Zin.
  1937 | D:3      | Reached skill level 1 in Armour
  2181 | D:3      | Found Alumyps's General Store.
  2186 | D:3      | Bought a potion of mutation for 112 gold pieces
  2186 | D:3      | Gained mutation: You sometimes lose your temper in combat.
                  | [potion of mutation]
  2186 | D:3      | Gained mutation: You are strong-willed. (Will+) [potion of
                  | mutation]
  2186 | D:3      | Gained mutation: You expend magic power (3 MP) to
                  | strengthen your wands. [potion of mutation]
  2186 | D:3      | Gained mutation: You have large cloven feet. [potion of
                  | mutation]
  2340 | D:4      | Reached XP level 6. HP: 38/38 MP: 6/6
  2524 | D:4      | Reached skill level 6 in Ranged Weapons
  2626 | D:4      | Killed from afar by an orc wizard

Illustrated notes

Levels and vault maps discovered:
D:1:      lemuel_arrival_rhombus, layout_basic,
          shapermc_ecumenical_altar_starsandcircs, minmay_pentomino_s4
D:2:      layout_basic
D:3:      layout_rooms, good_gods_temple_1, serial_shops, nicolae_shop_crystal
D:4:      layout_basic, grunt_temple_overflow_lords_of_destruction,
          hellmonk_guarded_unrand_hermit, uniq_grinder

Skill      XL: |  1  2  3  4  5  6 |
---------------+-------------------+-----
Stealth        | 2 3 4 |  4.7
Fighting       | 3 4 |  4.1
Short Blades   | 1 2 |  2.0
Dodging        | 3 |  3.4
Armour         | 1 |  1.2
Ranged Weapons | 6 |  6.0

Action                   |  1- 3 |  4- 6 || total
-------------------------+-------+-------++-------
Melee: Short sword       |       |    27 ||    27
       Kick              |       |     3 ||     3
 Fire: Shortbow          |   104 |    85 ||   189
  Use: Scroll            |     7 |     5 ||    12
       Potion            |     1 |     4 ||     5
 Stab: Sleeping          |       |     2 ||     2
       Invisible         |       |     2 ||     2
Armor: Leather armour    |    24 |     8 ||    32
       Ring mail         |       |     8 ||     8
Dodge: Dodged            |    49 |    45 ||    94

Table legend: (Time is in decaauts)
 A = Elapsed time spent in this place.
 B = Non-inter-level travel time spent in this place.
 C = Inter-level travel time spent in this place.
 D = Time resting spent in this place.
 E = Time spent auto-exploring this place.
 F = Levels seen in this place.
 G = Mean time per level.
                   A        B        C        D        E       F      G
               +--------+--------+--------+--------+--------+-----+--------+
         Total |   2676 |   2592 |     84 |      7 |   2106 |   4 |  669.0 |
       Dungeon |   2676 |   2592 |     84 |      7 |   2106 |   4 |  669.0 |
               +--------+--------+--------+--------+--------+-----+--------+

Top non-repeatable levels by time:
     D:1: 1019 daAuts
     D:2: 682 daAuts
     D:3: 643 daAuts
     D:4: 331 daAuts
